[Event "Early-Titled-Tuesday-Blitz-February-27-2024"]
[Site "Chess.com"]
[Date "2024.02.27"]
[Round "11"]
[White "NewBornNow"]
[Black "FREDERICKtheMATE"]
[Result "0-1"]
[WhiteElo "2866"]
[BlackElo "2709"]
[TimeControl "180+1"]
[EndTime "10:04:22 PST"]
[Termination "FREDERICKtheMATE won by resignation"]

1. e4 c6 2. d4 d5 3. Nc3 dxe4 4. Nxe4 Nf6 5. Nxf6+ exf6 6. Be2 Bd6 7. Bf3 Qc7 8. Ne2 O-O 9. Be3 Re8 10. Qd2 Bf5 11. O-O-O Nd7 12. Ng3 Bg6 13. Bh5 Nb6 14. Bxg6 fxg6 15.
Qd3 f5 16. Bd2 Qf7 17. Kb1 Qc4 18. Qxc4+ Nxc4 19. b3 Nb6 20. Rhe1 Nd5 21. c4 Nf6 22. f3 Kf7 23. Kc2 Rxe1 24. Rxe1 Re8 25. Rxe8 Kxe8 26.
Nf1 f4 27. Kd3 g5 28. h3 h5 29. Nh2 Kd7 30. Bc3 Ke6 31. Nf1 g4 32. d5+ cxd5 33. Bxf6 gxf3 34. gxf3 dxc4+ 35. Kxc4 Kxf6 36. Kd5 Bc7 37. Nd2 g5 38. Ne4+ Kf5 39. Nc5 g4 40. hxg4+ hxg4 41. fxg4+ Kxg4 42. Ke4 f3 43. Nd3 Kg3 44. a4 f2 45.
Nxf2 Kxf2 46. b4 a5 47. bxa5 Bxa5 48. Kd5 b6 49. Kc4 Ke3 0-1

[Event "Early-Titled-Tuesday-Blitz-February-27-2024"]
[Site "Chess.com"]
[Date "2024.02.27"]
[Round "11"]
[White "MightyGMpretender"]
[Black "Maikrosoft63"]
[Result "1-0"]
[WhiteElo "2771"]
[BlackElo "2617"]
[TimeControl "180+1"]
[EndTime "10:04:22 PST"]
[Termination "MightyGMpretender won by resignation"]

1. Nf3 Nf6 2. c4 e6 3. b3 a6 4. Bb2 b5 5. g3 Bb7 6. Bg2 c5 7. O-O Qb6 8. Nc3 d6 9. d3 Nbd7 10. Re1 Be7 11. e4 O-O 12. Qd2 Rfe8 13. Ne2 Nf8 14.
h3 Ng6 15. Kh2 d5 16. cxd5 exd5 17. e5 Nd7 18. d4 c4 19. b4 a5 20. a3 axb4 21.
axb4 Nb8 22. Rxa8 Bxa8 23. h4 h6 24. h5 Nf8 25. Nf4 Ne6 26. Nxe6 Qxe6 27. Bh3 Qb6 28. Nh4 Bxh4 29. gxh4 Bc6 30. f4 Bd7 31. f5 Nc6 32. Rg1 Ne7 33. f6 Bxh3 34. Rxg7+ Kf8 35. Qxh6 1-0

[Event "Early-Titled-Tuesday-Blitz-February-27-2024"]
[Site "Chess.com"]
[Date "2024.02.27"]
[Round "11"]
[White "Gabrielian_Artur"]
[Black "Mikhail_Golubev"]
[Result "1-0"]
[WhiteElo "2784"]
[BlackElo "2627"]
[TimeControl "180+1"]
[EndTime "10:04:23 PST"]
[Termination "Gabrielian_Artur won by resignation"]

1. e4 c5 2. a4 Nc6 3. Bb5 Nf6 4.
Nc3 Qc7 5. Nf3 Nd4 6. O-O e6 7. d3 Bd6 8. h3 Nxf3+ 9. Qxf3 O-O 10. Bc4 a6 11. Qe2 Be5 12. Bg5 Bf4 13. Bxf4 Qxf4 14. e5 d5 15. exf6 dxc4 16. fxg7 Kxg7 17. dxc4 Bd7 18.
Rfe1 Bc6 19. Qe5+ Qxe5 20. Rxe5 Rad8 21. Rxc5 Rd2 22. Rc1 Rg8 23. Rg5+ Kf8 24. Rxg8+ Kxg8 25. Kf1 Kg7 26. b3 e5 27. Ke1 Rd6 28. f3 f5 29. Rd1 Rg6 30. Kf2 h5 31. h4 e4 32.
fxe4 fxe4 33. Nd5 Rg4 34. Ne3 Rf4+ 35. Kg3 Rf7 36. a5 Rf6 37. b4 Kf7 38. Rf1 Rf3+ 39. gxf3 1-0

[Event "Early-Titled-Tuesday-Blitz-February-27-2024"]
[Site "Chess.com"]
[Date "2024.02.27"]
[Round "11"]
[White "Tashik"]
[Black "ClauSanLuis"]
[Result "1-0"]
[WhiteElo "2491"]
[BlackElo "2315"]
[TimeControl "180+1"]
[EndTime "10:04:27 PST"]
[Termination "Tashik won by resignation"]

1. c4 e6 2. Nf3 d5 3. g3 c5 4. Bg2 Nc6 5. cxd5 exd5 6. d4 Nf6 7.
O-O cxd4 8. Nxd4 Bc5 9. Nxc6 bxc6 10. Qc2 Qb6 11. Nc3 Bd6 12. e4 Be6 13. Re1 dxe4 14. Nxe4 Nxe4 15. Bxe4 Rc8 16. Bf5 O-O 17. Bxh7+ Kh8 18. Bf5 Bb4 19. Re4 g6 20. Bxe6 fxe6 21. Rxe6 Bc5 22. Be3 Bxe3 23. fxe3 Rf5 24. Qc3+ Kh7 25.
Re7+ Kh6 26. Qg7+ Kh5 27. Qh7+ Kg4 28. Qxg6+ 1-0

[Event "Early-Titled-Tuesday-Blitz-February-27-2024"]
[Site "Chess.com"]
[Date "2024.02.27"]
[Round "11"]
[White "Oleksandr_Bortnyk"]
[Black "Jumbo"]
[Result "1-0"]
[WhiteElo "3052"]
[BlackElo "2884"]
[TimeControl "180+1"]
[EndTime "10:04:30 PST"]
[Termination "Oleksandr_Bortnyk won by resignation"]

1. e4 c5 2. c3 Nf6 3. e5 Nd5 4. Nf3 Nc6 5. d4 cxd4 6. cxd4 d6 7. Bc4 Nb6 8. Bb5 dxe5 9. Nxe5 Bd7 10. Nxd7 Qxd7 11.
Nc3 Rd8 12. Be3 e6 13. O-O Be7 14. Qg4 O-O 15. Rfd1 Kh8 16. Rac1 Bf6 17. Ne4 Nd5 18. Nc5 Qe7 19. a3 Rc8 20. b4 Rfd8 21. g3 h6 22. Bd3 Nxe3 23. fxe3 g6 24. Rf1 Bg5 25. Qf3 b6 26. Nb3 Ne5 27. dxe5 Rxc1 28. Nxc1 Qc7 29. h4 1-0

[Event "Early-Titled-Tuesday-Blitz-February-27-2024"]
[Site "Chess.com"]
[Date "2024.02.27"]
[Round "11"]
[White "SashaKuzhilniy"]
[Black "IlanSchnaider"]
[Result "1-0"]
[WhiteElo "2629"]
[BlackElo "2721"]
[TimeControl "180+1"]
[EndTime "10:04:30 PST"]
[Termination "SashaKuzhilniy won by checkmate"]

1. c4 Nf6 2. g3 g6 3. Bg2 Bg7 4.
Nf3 O-O 5. O-O d5 6. cxd5 Nxd5 7. d4 Nc6 8. e4 Nb6 9. d5 Na5 10. Qe2 c6 11. dxc6 Nxc6 12. Nc3 Bg4 13. Be3 Ne5 14. Rfd1 Qe8 15. Bxb6 axb6 16. Nd5 Rd8 17. Ne3 Nxf3+ 18.
Bxf3 Bxf3 19. Qxf3 Bxb2 20. Rab1 Bg7 21. Rxb6 Qa4 22.
Rxd8 Rxd8 23. Rxb7 Bf6 24. e5 Bxe5 25. Rxe7 f6 26. Qb7 Qxa2 27. Rg7+ Kf8 28. Qe7# 1-0

[Event "Early-Titled-Tuesday-Blitz-February-27-2024"]
[Site "Chess.com"]
[Date "2024.02.27"]
[Round "11"]
[White "GreenPeach24"]
[Black "PabloZarnicki"]
[Result "0-1"]
[WhiteElo "2476"]
[BlackElo "2626"]
[TimeControl "180+1"]
[EndTime "10:04:32 PST"]
[Termination "PabloZarnicki won on time"]

1. d4 Nf6 2. Nf3 g6 3. Bf4 Bg7 4. Nc3 O-O 5. e4 d5 6. exd5 Nxd5 7. Nxd5 Qxd5 8. c4 Qe4+ 9. Be3 Nc6 10. Bd3 Qg4 11.
O-O Bf5 12. Be2 Qe4 13. d5 Ne5 14. Ng5 Qc2 15. Qxc2 Bxc2 16. Rac1 Bd3 17. Rfe1 Bxe2 18. Rxe2 Nd3 19. Rb1 a6 20. b3 b5 21. Rd2 bxc4 22.
bxc4 Rab8 23. Rb3 Ne5 24. Rc2 Rxb3 25. axb3 Rb8 26. h3 Rxb3 27. c5 a5 28. Ne4 a4 29.
d6 exd6 30. cxd6 cxd6 0-1

[Event "Early-Titled-Tuesday-Blitz-February-27-2024"]
[Site "Chess.com"]
[Date "2024.02.27"]
[Round "11"]
[White "MasterKroket"]
[Black "Bastiandash"]
[Result "1/2-1/2"]
[WhiteElo "2481"]
[BlackElo "2588"]
[TimeControl "180+1"]
[EndTime "10:04:35 PST"]
[Termination "Game drawn by repetition"]

1. e4 c6 2. d4 d5 3. e5 Bf5 4. Nf3 e6 5. Be2 h6 6. Nbd2 Nd7 7. Nb3 Ne7 8. a4 g5 9. h3 Bg7 10. a5 O-O 11. Be3 Rc8 12. Qd2 c5 13. dxc5 Nxe5 14. Nfd4 Bg6 15. Ra4 N5c6 16. h4 Nxd4 17. Bxd4 e5 18. Bc3 d4 19. Bb4 Qd7 20. Ra3 g4 21. h5 Bh7 22. Bd3 e4 23. Bc4 Kh8 24. c6 Nxc6 25. Bxf8 Bxf8 26. Ra1 g3 27. Qf4 Bd6 28.
Qf6+ Kg8 29. O-O Be5 30. Qxh6 Kh8 31. fxg3 Nd8 32. Qf8+ Bg8 33. Qh6+ Bh7 34. Qf8+ Bg8 35. Qh6+ Bh7 1/2-1/2

[Event "Early-Titled-Tuesday-Blitz-February-27-2024"]
[Site "Chess.com"]
[Date "2024.02.27"]
[Round "11"]
[White "sokidze"]
[Black "Beca95"]
[Result "0-1"]
[WhiteElo "2772"]
[BlackElo "2914"]
[TimeControl "180+1"]
[EndTime "10:04:42 PST"]
[Termination "Beca95 won by resignation"]

1. d4 Nf6 2. g3 c5 3. d5 e6 4. Nc3 exd5 5. Nxd5 Nxd5 6. Qxd5 Nc6 7. c3 d6 8. Nh3 h6 9. Nf4 g5 10. Qe4+ Ne5 11. Nd3 f5 12. Qd5 Ng4 13. Bg2 Nf6 14.
Qb3 Qc7 15. Qb5+ Kf7 16. O-O a6 17. Qa4 b5 18. Qd1 Bb7 19. b3 Bxg2 20. Kxg2 Qc6+ 21. Kg1 Ne4 22. Bb2 Bg7 23. Rc1 h5 24. f3 Nf6 25.
e4 h4 26. exf5 hxg3 27. hxg3 Rh3 28. Kf2 Ng4+ 29. Kg2 Rh2+ 30. Kg1 Rah8 31. Nf2 Ne3 0-1

[Event "Early-Titled-Tuesday-Blitz-February-27-2024"]
[Site "Chess.com"]
[Date "2024.02.27"]
[Round "11"]
[White "banhgiahuy2606"]
[Black "Fandorine"]
[Result "0-1"]
[WhiteElo "2651"]
[BlackElo "2881"]
[TimeControl "180+1"]
[EndTime "10:04:43 PST"]
[Termination "Fandorine won by resignation"]

1. e4 c5 2. Nf3 g6 3. Bc4 Bg7 4. c3 Nf6 5. e5 Ng4 6. Bxf7+ Kxf7 7. Ng5+ Ke8 8. Qxg4 Bxe5 9. d4 cxd4 10. cxd4 d5 11.
Qh4 Bf6 12. O-O h6 13. Re1 hxg5 14. Qg3 g4 15. Nc3 Nc6 16. Nb5 Kf7 17. Bf4 Bf5 18. Re2 a6 19. Nc7 Nxd4 20. Rd2 Rc8 21. Rad1 Ne6 22.
Rxd5 Nxf4 23. Qb3 Nxd5 24. Rxd5 Qxc7 25. Rxf5+ Qc4 0-1

[Event "Early-Titled-Tuesday-Blitz-February-27-2024"]
[Site "Chess.com"]
[Date "2024.02.27"]
[Round "11"]
[White "Muslim_player_05"]
[Black "bescmelasti"]
[Result "1-0"]
[WhiteElo "2496"]
[BlackElo "2633"]
[TimeControl "180+1"]
[EndTime "10:04:43 PST"]
[Termination "Muslim_player_05 won by resignation"]

1. d4 Nf6 2. c4 e6 3. Nc3 Bb4 4.
e3 O-O 5. Bd3 d5 6. Nf3 c5 7. O-O dxc4 8. Bxc4 Nc6 9. a3 Ba5 10.
Qd3 a6 11. Rd1 b5 12. Ba2 c4 13. Qe2 Bb7 14. e4 Ne7 15. Bb1 Ng6 16. Bc2 Rc8 17.
h4 Re8 18. Ne5 Nxh4 19. Bg5 Ng6 20. Nxg6 hxg6 21. e5 Bxc3 22. bxc3 Qd5 23. f3 Nh7 24. Be3 Nf8 25. Kf2 f6 26. Rh1 Kf7 27. Rh8 Nd7 28. Rxe8 Rxe8 29. Be4 Qxe4 30. fxe4 Bxe4 31. a4 Rh8 32. axb5 Rh2 33. Kg1 1-0

[Event "Early-Titled-Tuesday-Blitz-February-27-2024"]
[Site "Chess.com"]
[Date "2024.02.27"]
[Round "11"]
[White "ljuks68"]
[Black "Rogarcia1"]
[Result "0-1"]
[WhiteElo "2411"]
[BlackElo "2510"]
[TimeControl "180+1"]
[EndTime "10:04:44 PST"]
[Termination "Rogarcia1 won on time"]

1. e4 c5 2. Nf3 d6 3. d4 cxd4 4. Nxd4 Nf6 5. Nc3 a6 6. Bg5 Nbd7 7. f4 Qc7 8. Qf3 h6 9. Bxf6 Nxf6 10. f5 Nd7 11. Nd5 Qc5 12. Qf2 b5 13. b4 Qa7 14.
a4 bxa4 15. Rxa4 Ne5 16. b5 e6 17. b6 Qb7 18. Nc7+ Kd8 19. Nxa8 Qxa8 20. fxe6 fxe6 21. Bd3 Be7 22. O-O Rf8 23. Qe2 Rxf1+ 24. Qxf1 Qb8 25. Qb1 Ke8 26. Bxa6 Bxa6 27. Rxa6 Qb7 28. Ra7 Qxe4 0-1

[Event "Early-Titled-Tuesday-Blitz-February-27-2024"]
[Site "Chess.com"]
[Date "2024.02.27"]
[Round "11"]
[White "AcostaPablo"]
[Black "Adar_07"]
[Result "0-1"]
[WhiteElo "2624"]
[BlackElo "2779"]
[TimeControl "180+1"]
[EndTime "10:04:45 PST"]
[Termination "Adar_07 won on time"]

1. d4 Nf6 2. c3 d6 3. Nf3 Nbd7 4.
Bg5 b5 5. Nbd2 Bb7 6. e3 a6 7.
Bd3 h6 8. Bh4 g5 9. Bg3 Nh5 10.
e4 Bg7 11. O-O e6 12. Re1 Nxg3 13. hxg3 h5 14. a4 b4 15. cxb4 h4 16. d5 hxg3 17. dxe6 fxe6 18. Qb3 Qe7 19. Bc4 g4 20. Bxe6 gxf3 21.
Nxf3 Ne5 22. Bd5 Nxf3+ 23. Qxf3 gxf2+ 24. Qxf2 O-O-O 25. Qa7 Bxd5 26. exd5 Rh1+ 27. Kxh1 Qh4+ 28. Kg1 Bd4+ 29. Qxd4 Qxd4+ 30. Kh2 Qf2 0-1

[Event "Early-Titled-Tuesday-Blitz-February-27-2024"]
[Site "Chess.com"]
[Date "2024.02.27"]
[Round "11"]
[White "DefiantChair"]
[Black "Mops_2004"]
[Result "1-0"]
[WhiteElo "2648"]
[BlackElo "2825"]
[TimeControl "180+1"]
[EndTime "10:04:48 PST"]
[Termination "DefiantChair won on time"]

1. e4 g6 2. d4 Bg7 3. Nc3 d6 4. f4 a6 5. Nf3 b5 6. Bd3 Nd7 7. e5 c5 8. Be4 Rb8 9. Be3 Nh6 10.
dxc5 dxe5 11. c6 Nf6 12. Qxd8+ Kxd8 13. O-O-O+ Kc7 14. Nd5+ Nxd5 15. Bxd5 Nf5 16. Bc5 exf4 17. Rhe1 Bf6 18. Be4 Nd6 19. Bxd6+ exd6 20. Bd5 g5 21. Bxf7 Kxc6 22. Bd5+ Kc7 23. Nd4 Bd7 24. Ne6+ Bxe6 25.
Rxe6 Be5 26. Re7+ Kb6 27. h3 h6 28. Bf3 Rhe8 29. Rh7 Rh8 30. Rd7 Rhd8 31. Rh7 Rh8 32. Rf7 h5 33. c3 Rbg8 34. Rb7+ Ka5 35. b4+ Ka4 36. Ra7 1-0

[Event "Early-Titled-Tuesday-Blitz-February-27-2024"]
[Site "Chess.com"]
[Date "2024.02.27"]
[Round "11"]
[White "manitodeplomo"]
[Black "SARGISMV"]
[Result "1-0"]
[WhiteElo "2663"]
[BlackElo "2501"]
[TimeControl "180+1"]
[EndTime "10:04:50 PST"]
[Termination "manitodeplomo won on time"]

1. d4 Nf6 2. c4 c5 3. d5 e6 4. Nc3 exd5 5. cxd5 Bd6 6. Nf3 O-O 7. Bg5 Re8 8. e3 h6 9. Bh4 Bf8 10. Be2 d6 11.
O-O Nbd7 12. Nd2 a6 13. a4 Rb8 14. Re1 Ne5 15. e4 g5 16. Bg3 Ng6 17. Rb1 Nd7 18. Bg4 Nde5 19. Bxc8 Qxc8 20. Nf1 b5 21. axb5 axb5 22.
Ne3 c4 23. Nf5 b4 24. Na4 Qa6 25. Re3 Ra8 26. b3 c3 27. h4 Rac8 28. Rc1 gxh4 29.
Bxh4 c2 30. Rxc2 Rxc2 31. Qxc2 Rc8 32. Qd1 Qa7 33. Bf6 1-0

[Event "Early-Titled-Tuesday-Blitz-February-27-2024"]
[Site "Chess.com"]
[Date "2024.02.27"]
[Round "11"]
[White "Kostukov_Alex"]
[Black "BozeKat"]
[Result "1-0"]
[WhiteElo "2351"]
[BlackElo "2147"]
[TimeControl "180+1"]
[EndTime "10:04:57 PST"]
[Termination "Kostukov_Alex won by resignation"]

1. g3 g6 2. Bg2 Bg7 3. c4 c5 4. Nc3 Nc6 5. Nf3 e5 6. O-O Nge7 7. d3 O-O 8. Bd2 d6 9. Ne1 f5 10. Nc2 f4 11. e3 g5 12. Nd5 Be6 13. exf4 exf4 14.
gxf4 Bxd5 15. cxd5 Nd4 16. Nxd4 Bxd4 17. fxg5 Ng6 18.
Be4 Nf4 19. Qg4 Ng6 20. Kg2 Be5 21. f4 Bg7 22. Qe6+ Kh8 23. Bxg6 hxg6 24. Qxg6 Qe7 25. Rae1 Qd7 26. Rf3 Rae8 27. Rh3+ Kg8 28. Re6 Rxe6 29. dxe6 Qc6+ 30. Kg3 1-0

[Event "Early-Titled-Tuesday-Blitz-February-27-2024"]
[Site "Chess.com"]
[Date "2024.02.27"]
[Round "11"]
[White "WiktoriaPOL"]
[Black "Cheer_Down"]
[Result "1-0"]
[WhiteElo "2278"]
[BlackElo "2455"]
[TimeControl "180+1"]
[EndTime "10:04:59 PST"]
[Termination "WiktoriaPOL won by resignation"]

1. c4 e6 2. Nc3 d5 3. d4 c5 4. cxd5 cxd4 5. Qxd4 Nc6 6. Qd2 exd5 7. Qxd5 Bd6 8. Nf3 Nf6 9. Qd1 Qe7 10. Bg5 Be6 11.
Bxf6 gxf6 12. e3 O-O-O 13. Qa4 Bb4 14. Bb5 Qc5 15. O-O Bxc3 16. bxc3 Ne5 17. Nd4 Bc4 18.
Bxc4 Nxc4 19. Qb4 Rd5 20. Rab1 b6 21. Qxc5+ Rxc5 22. Rb5 Rd8 23. Rxc5+ bxc5 24. Nb3 Rd5 25. e4 Re5 26. f3 f5 27. Re1 f4 28. g3 fxg3 29. hxg3 f5 30. Kf2 fxe4 31. Rxe4 Rxe4 32. fxe4 Ne5 33. Nxc5 Kc7 34. Ke3 Kc6 35. Nd3 Ng4+ 36. Kd4 Kd6 37. c4 h5 38. c5+ Kc6 39. Ne5+ Nxe5 40.
Kxe5 Kxc5 41. Kf6 Kb4 42. e5 Ka3 43. e6 a5 44. e7 a4 45. e8=Q Kxa2 46. Qxa4+ 1-0

[Event "Early-Titled-Tuesday-Blitz-February-27-2024"]
[Site "Chess.com"]
[Date "2024.02.27"]
[Round "11"]
[White "AryanTari"]
[Black "DenLaz"]
[Result "0-1"]
[WhiteElo "2943"]
[BlackElo "3037"]
[TimeControl "180+1"]
[EndTime "10:05:02 PST"]
[Termination "DenLaz won by resignation"]

1. e4 c5 2. Nf3 e6 3. c3 d5 4.
exd5 Qxd5 5. d4 Nf6 6. Na3 a6 7. Nc4 Nbd7 8. Be2 b5 9. Na5 Be7 10. O-O O-O 11. Bf4 Bd8 12. c4 Qe4 13. Bd2 cxd4 14.
Bb4 Bxa5 15. Bxa5 e5 16. Re1 Bb7 17. cxb5 axb5 18. Bxb5 Qd5 19. Bxd7 Nxd7 20. Bb4 Rfe8 21. a3 h6 22. Rc1 Ra6 23. Rc7 Rg6 24. Kh1 Nf6 25. Rg1 Ne4 26. Be1 Nd6 27. Qd2 Rxg2 0-1

[Event "Early-Titled-Tuesday-Blitz-February-27-2024"]
[Site "Chess.com"]
[Date "2024.02.27"]
[Round "11"]
[White "alexrustemov"]
[Black "Juicy_Fork"]
[Result "1-0"]
[WhiteElo "2817"]
[BlackElo "2530"]
[TimeControl "180+1"]
[EndTime "10:05:04 PST"]
[Termination "alexrustemov won on time"]

1. d4 Nf6 2. c4 e6 3. Nf3 Bb4+ 4.
Bd2 Qe7 5. g3 O-O 6. Bg2 d5 7. Qc2 b6 8. a3 Bxd2+ 9. Nbxd2 Bb7 10. O-O c5 11. dxc5 bxc5 12. cxd5 exd5 13. Rfc1 Nbd7 14.
e3 Rac8 15. Qa4 a6 16. Rc2 Ne4 17. Nxe4 dxe4 18. Nd2 f5 19. Qb3+ Kh8 20. Qxb7 Rb8 21. Qxa6 Ne5 22. Nc4 Nd3 23. Bf1 Rfd8 24. Rd1 Qf7 25.
Qa5 Qh5 26. Rcd2 Qf7 27. Qc3 h6 28. Bxd3 exd3 29. Rxd3 Rf8 30. Rd7 Qg6 31. R1d6 Qg4 32. h3 Qg5 33. h4 Qg4 34. Rxh6+ Kg8 35. Re6 1-0

[Event "Early-Titled-Tuesday-Blitz-February-27-2024"]
[Site "Chess.com"]
[Date "2024.02.27"]
[Round "11"]
[White "jcibarra"]
[Black "scarabee43"]
[Result "0-1"]
[WhiteElo "2936"]
[BlackElo "2902"]
[TimeControl "180+1"]
[EndTime "10:05:05 PST"]
[Termination "scarabee43 won by resignation"]

1. e4 c5 2. Nf3 e6 3. d3 Nc6 4. g3 Nf6 5. Bg2 d5 6. Qe2 Be7 7. O-O O-O 8. e5 Nd7 9. c4 a6 10. Re1 b5 11. cxd5 exd5 12. e6 Nb6 13. exf7+ Rxf7 14. Ne5 Nxe5 15. Qxe5 Bf6 16. Qh5 g6 17.
Qd1 Bd4 18. Re2 Bg4 19. Be3 Bxe3 20. fxe3 Qg5 21. Nc3 Re8 22. e4 d4 23. Qc2 dxc3 24. Ree1 cxb2 25. Qxb2 Qe5 26. Qc2 Qd4+ 27. Kh1 Bf3 28.
Rac1 c4 29. dxc4 Nxc4 30. Bxf3 Rxf3 31. Rcd1 Qb2 32. Qxb2 Nxb2 33. Rd6 Nd3 34. Re2 Nc5 35. e5 Rf5 36. e6 Rf6 37. Rc6 Rfxe6 38. Rexe6 Nxe6 39.
Rxa6 Nd4 40. Rd6 Nf5 41. Rb6 Re5 42. Kg2 Re2+ 43. Kh3 Nd4 44. a3 Ra2 45. Rd6 Nf3 46.
Rd3 Rxh2+ 47. Kg4 Ne5+ 0-1

[Event "Early-Titled-Tuesday-Blitz-February-27-2024"]
[Site "Chess.com"]
[Date "2024.02.27"]
[Round "11"]
[White "Boundless_Strike"]
[Black "ActorXu"]
[Result "0-1"]
[WhiteElo "2648"]
[BlackElo "2845"]
[TimeControl "180+1"]
[EndTime "10:05:06 PST"]
[Termination "ActorXu won by checkmate"]

1. d4 Nf6 2. f3 d5 3. e4 dxe4 4. Nc3 e3 5. Bxe3 c6 6. Bc4 Bf5 7. g4 Bg6 8. h4 h5 9. Nh3 hxg4 10. fxg4 Rxh4 11. Bg5 Rh8 12. Qd2 Nbd7 13. O-O-O Qa5 14.
d5 cxd5 15. Bb5 O-O-O 16. Nf4 Rxh1 17. Rxh1 e6 18. Nxg6 fxg6 19. Qe2 Bb4 20. Rh3 d4 21. Bxf6 Nxf6 22. Qxe6+ Kb8 23. g5 dxc3 24. gxf6 Qxb5 25. fxg7 Qf1+ 26. Qe1 Qxe1# 0-1

[Event "Early-Titled-Tuesday-Blitz-February-27-2024"]
[Site "Chess.com"]
[Date "2024.02.27"]
[Round "11"]
[White "Polish_fighter3000"]
[Black "GHANDEEVAM2003"]
[Result "1-0"]
[WhiteElo "3086"]
[BlackElo "3043"]
[TimeControl "180+1"]
[EndTime "10:05:08 PST"]
[Termination "Polish_fighter3000 won by resignation"]

1. e4 c6 2. d4 d5 3. Nc3 dxe4 4. Nxe4 Bf5 5. Ng3 Bg6 6. Nh3 h6 7. Nf4 Bh7 8. Bc4 Nf6 9. O-O Na6 10. c3 e6 11. Qb3 Qc8 12. Nxe6 b5 13. Nxg7+ Bxg7 14. Bxf7+ Kd8 15. a4 b4 16. Bf4 Qb7 17. Rfe1 Nc7 18. Bd6 Ncd5 19. Be6 Re8 20. c4 Nc7 21. d5 Nxe6 22.
dxe6 c5 23. Rad1 Kc8 24. Bxc5 Qc6 25. Bd6 a5 26. Re5 Ne4 27. Red5 Rxe6 28. Nxe4 Bxe4 29.
Rc5 Rxd6 30. Rxc6+ Rxc6 31. Qe3 Bg6 32. Qe7 1-0

[Event "Early-Titled-Tuesday-Blitz-February-27-2024"]
[Site "Chess.com"]
[Date "2024.02.27"]
[Round "11"]
[White "Statham_01"]
[Black "Zheenbekov86"]
[Result "1-0"]
[WhiteElo "2572"]
[BlackElo "2428"]
[TimeControl "180+1"]
[EndTime "10:05:08 PST"]
[Termination "Statham_01 won on time"]

1. e4 d6 2. d4 g6 3. Nc3 Bg7 4. Be3 c6 5. Qd2 Nd7 6. h4 h5 7.
Nf3 b5 8. O-O-O a5 9. e5 Nb6 10. Ng5 e6 11. Nce4 Bf8 12. exd6 Bxd6 13. Qc3 Bb4 14. Qd3 Nc4 15. Bf4 Nf6 16. Qf3 Nxe4 17. Nxe4 O-O 18. Bxc4 bxc4 19. Be5 Be7 20. Qf4 f6 21. Qh6 fxe5 22. Qxg6+ Kh8 23. Ng5 1-0

[Event "Early-Titled-Tuesday-Blitz-February-27-2024"]
[Site "Chess.com"]
[Date "2024.02.27"]
[Round "11"]
[White "Quattroporte300"]
[Black "OneTrickPony_82"]
[Result "1-0"]
[WhiteElo "2434"]
[BlackElo "2528"]
[TimeControl "180+1"]
[EndTime "10:05:08 PST"]
[Termination "Quattroporte300 won by resignation"]

1. e4 e5 2. Nf3 Nc6 3. Bc4 Nf6 4. d3 Bc5 5. O-O d6 6. c3 a5 7. a4 h6 8. Nbd2 g5 9. Nb3 Ba7 10. Be3 Be6 11. Nfd2 Bxe3 12. fxe3 Bxc4 13. Nxc4 Qe7 14. Qf3 Nd7 15. Rf2 f6 16. Raf1 h5 17. d4 b6 18. d5 Nd8 19. Na3 Nb7 20. Nb5 O-O-O 21. Qe2 Kb8 22. Qc4 Ndc5 23. Nxc5 dxc5 24. Rxf6 Rhf8 25.
Rxf8 Rxf8 26. Rxf8+ Qxf8 27. Qf1 Qxf1+ 28. Kxf1 Nd6 29. Na3 Nxe4 30. Nc4 Nf6 31. Nxe5 Nxd5 32. Ke2 Kb7 33. g3 g4 34. Ng6 Nf6 35. Kd3 Kc6 36. e4 Kd7 37. e5 Nd5 38. Ke4 c6 39. Nf4 Nxf4 40. gxf4 b5 41. f5 c4 42. Kf4 b4 43.
Kg5 1-0

[Event "Early-Titled-Tuesday-Blitz-February-27-2024"]
[Site "Chess.com"]
[Date "2024.02.27"]
[Round "11"]
[White "LLariMarc"]
[Black "Cambek64"]
[Result "1-0"]
[WhiteElo "2399"]
[BlackElo "2484"]
[TimeControl "180+1"]
[EndTime "10:05:09 PST"]
[Termination "LLariMarc won by resignation"]

1. d4 Nf6 2. Nf3 g6 3. c4 Bg7 4.
Nc3 d6 5. g3 O-O 6. Bg2 c5 7.
O-O cxd4 8. Nxd4 Nbd7 9. e4 Nc5 10. b4 Ne6 11. Be3 Nxd4 12. Bxd4 Be6 13. Nd5 Bxd5 14. exd5 a5 15. a3 Rc8 16. Qb3 axb4 17. axb4 Nd7 18.
Bxg7 Kxg7 19. Rfe1 Re8 20. h4 h5 21. Qc3+ Nf6 22.
Qd4 Qc7 23. Rac1 b6 24. f3 Ra8 25. g4 Kg8 26. g5 Nd7 27. Bh3 Nf8 28. Rc2 Ra3 29.
Kg2 Rb3 30. b5 Rb4 31. Re4 Rxb5 32. Rf4 Rc5 33. Re2 Rc8 34. Rxf7 Kxf7 35. Qh8 e5 36. dxe6+ Ke8 37. e7 Qxe7 38. Rxe7+ Kxe7 39. Qf6+ Ke8 40. Bxc8 Rxc8 41. Qxd6 Rxc4 42. Kg3 Rc1 43. Qxb6 Kf7 44. Qb3+ Ke8 45. Qe3+ 1-0

[Event "Early-Titled-Tuesday-Blitz-February-27-2024"]
[Site "Chess.com"]
[Date "2024.02.27"]
[Round "11"]
[White "jefferyx"]
[Black "wonderfultime"]
[Result "1/2-1/2"]
[WhiteElo "3073"]
[BlackElo "3128"]
[TimeControl "180+1"]
[EndTime "10:05:10 PST"]
[Termination "Game drawn by agreement"]

1. e4 e5 2. Nf3 Nc6 3. Bc4 Bc5 4. c3 Nf6 5. d4 exd4 6. e5 d5 7.
Be2 Ne4 8. cxd4 Bb6 9. O-O O-O 10.
Nc3 Nxc3 11. bxc3 f6 12. exf6 Qxf6 13. Qb3 Be6 14. a4 Rae8 15. Ng5 Na5 16. Qa2 c6 17. Nxe6 Qxe6 18. Bd3 Nc4 19. g3 Ba5 20. Qc2 g6 21.
Bh6 Rf7 22. Bxc4 dxc4 23. Qd2 Qf5 24. Rae1 Rfe7 25. Rxe7 Rxe7 26. Re1 Rxe1+ 27. Qxe1 Kf7 28. Qe2 Qd3 29. Qe5 Qxc3 30. Qg7+ Ke8 31. Qg8+ Kd7 32. Qxh7+ Kc8 33. Qg8+ Kc7 34. Be3 1/2-1/2

[Event "Early-Titled-Tuesday-Blitz-February-27-2024"]
[Site "Chess.com"]
[Date "2024.02.27"]
[Round "11"]
[White "PavelShkapenko"]
[Black "SuperBlitz2013"]
[Result "1-0"]
[WhiteElo "2721"]
[BlackElo "2271"]
[TimeControl "180+1"]
[EndTime "10:05:11 PST"]
[Termination "PavelShkapenko won by resignation"]

1. e4 e5 2. Nf3 Nc6 3. Bc4 Nf6 4. Ng5 d5 5. exd5 Na5 6. Bb5+ c6 7. dxc6 bxc6 8. Bd3 Nd5 9. Nf3 Bd6 10. O-O O-O 11.
Re1 Nf4 12. Bf1 Bg4 13. d4 exd4 14. Bxf4 Bxf4 15. Qxd4 Qxd4 16. Nxd4 Bd7 17. Nc3 c5 18. Nb3 Nxb3 19. axb3 a5 20. Bb5 Bf5 21. Bc6 Ra7 22.
Be4 Be6 23. Bd3 Bg5 24. Ne4 Be7 25. Bc4 Bf5 26. Rad1 Bxe4 27. Rxe4 Bf6 28. c3 a4 29.
bxa4 Rxa4 30. Bxf7+ Kxf7 31. Rxa4 Rb8 32. Ra2 Ke6 33.
g3 Rb3 34. Kg2 h5 35. Rd2 h4 36. Ra4 hxg3 37. hxg3 Rb5 38. Re4+ Kf5 39. Rc4 Ke6 40. Kf3 Ra5 41. Ke4 Rb5 42. f4 g6 43. g4 Be7 44. Rh2 Bf6 45. Re2 Be7 46. Kd3+ Kd6 47. Rce4 Bd8 48. Re6+ Kd7 49. Rxg6 Bc7 50. Kc4 Ra5 51.
Rg7+ Kd6 52. f5 Ra4+ 53. Kb3 Ra7 54. c4 Rb7+ 55. Kc2 Kc6 56. Re6+ 1-0

[Event "Early-Titled-Tuesday-Blitz-February-27-2024"]
[Site "Chess.com"]
[Date "2024.02.27"]
[Round "11"]
[White "amanjazu"]
[Black "Kev4444444444"]
[Result "1-0"]
[WhiteElo "2532"]
[BlackElo "2354"]
[TimeControl "180+1"]
[EndTime "10:05:12 PST"]
[Termination "amanjazu won by checkmate"]

1. g3 d5 2. Bg2 c5 3. f4 Nc6 4. Nf3 g6 5. O-O Bg7 6. d3 Nf6 7. Nc3 d4 8. Ne4 O-O 9. Nxc5 Qd5 10. Nb3 Rd8 11. Nfxd4 Qd6 12. Nxc6 bxc6 13. e4 e5 14.
fxe5 Qxe5 15. d4 Qe8 16. e5 Ng4 17. Bg5 Bf5 18. h3 Nxe5 19. Bxd8 Rxd8 20. Qe2 Nd7 21. Qxe8+ Rxe8 22. Bxc6 Bxh3 23. Rfe1 Rc8 24. Bxd7 Bxd7 25. c3 h5 26. Nc5 Bc6 27. Rad1 Rd8 28. Nd3 Bf3 29.
Rd2 Bh6 30. Rf2 Bd5 31. b3 Bg7 32. Re7 a5 33. Nf4 Ba8 34. Nh3 Rc8 35. Rfxf7 Bf8 36.
Ra7 Bd5 37. Rfc7 Re8 38. Nf4 Be4 39. d5 Bf5 40. Ne6 Bd6 41. Rg7+ Kh8 42. Rh7+ Kg8 43. Rag7# 1-0